 Dungeon Crawl Stone Soup version 0.21-a0-84-g85d6d27 (webtiles) character file.

3775710 smhtbhfam the Kobold Arbalest (level 27, 188/188 HPs)
             Began as a Kobold Monk on June 22, 2017.
             Was the Champion of Okawaru.
             Escaped with the Orb
             ... and 5 runes on June 24, 2017!
             The game lasted 06:27:35 (55021 turns).

smhtbhfam the Kobold Arbalest (Kobold Monk)        Turns: 55021, Time: 06:27:35

Health: 188/188    AC: 30    Str: 20    XL:     27
Magic:  36/36      EV: 31    Int: 20    God:    Okawaru [******]
Gold:   873        SH:  0    Dex: 22    Spells: 5/32 levels left

rFire    + . .     SeeInvis +   a - +9 triple crossbow (velocity) {god gift}
rCold    + . .     Gourm    .   (shield currently unavailable)
rNeg     . . .     Faith    .   T - +7 swamp dragon scales
rPois    +         Spirit   .   u - +2 hat {MR+}
rElec    +         Reflect  .   g - +2 cloak "Geusac" {god gift, rElec rCorr Stlth-, Cloak of Rare Resistances}
rCorr    +         Harm     .   Y - +2 pair of gloves {Str+3}
MR       +++++                  y - +2 pair of boots {run} {god gift}
Stlth    ++........             l - amulet of Rufaliumn {+Rage rF+ Str+3 Int+4 SInv}
HPRegen  0.41/turn              e - ring of protection from cold
MPRegen  0.25/turn              S - ring "Nollylatt" {MR+ Dex+2 SInv, =R}

@: quick
A: horns 1, camouflage 1, carnivore 3, magic resistance 1
0: Orb of Zot
}: 5/15 runes: decaying, serpentine, slimy, silver, abyssal
a: Heroism, Finesse, Renounce Religion, Evoke Berserk Rage


You escaped.
You worshipped Okawaru.
Okawaru was exalted by your worship.
You were not hungry.

You visited 11 branches of the dungeon, and saw 55 of its levels.
You visited the Abyss 1 time.
You also visited: Bailey and Volcano.

You collected 8114 gold pieces.
You spent 7241 gold pieces at shops.

Inventory:

Hand Weapons
 a - a +9 triple crossbow of velocity (weapon) {god gift}
 b - a +4 eveningstar of freezing
Missiles
 o - 1104 bolts (quivered)
 A - 7 throwing nets
Armour
 g - the +2 cloak "Geusac" (worn) {god gift, rElec rCorr Stlth-, Cloak of Rare Resistances}
   (Okawaru gifted it to you on level 3 of the Vaults)

   It insulates you from electricity.
   It protects you from acid and corrosion.
   It makes you less stealthy.
 u - a +2 hat of magic resistance (worn)
 y - a +2 pair of boots of running (worn) {god gift}
 T - +7 swamp dragon scales (worn)
 Y - a +2 pair of gloves of strength (worn)
Jewellery
 e - a ring of protection from cold (left hand)
 l - the amulet of Rufaliumn (around neck) {+Rage rF+ Str+3 Int+4 SInv}
   (You found it on level 3 of the Elven Halls)

   [amulet of rage]

   It affects your strength (+3).
   It affects your intelligence (+4).
   It protects you from fire.
   It lets you see invisible.
   It lets you go berserk.
 q - an uncursed ring of protection from magic
 r - an uncursed ring of positive energy
 w - an uncursed ring of protection from fire
 S - the ring "Nollylatt" (right hand) {MR+ Dex+2 SInv, =R}
   (You found it on level 3 of the Elven Halls)

   [ring of see invisible]

   It affects your dexterity (+2).
   It affects your resistance to hostile enchantments.
   It lets you see invisible.
Wands
 c - a wand of digging (7/24)
 f - a wand of scattershot (8/9)
 E - a wand of enslavement (15/24)
 Q - a wand of iceblast (7/15)
 R - a wand of paralysis (14/24)
 W - a wand of acid (8/15)
 X - a wand of confusion (24/48)
Scrolls
 j - 5 scrolls of fog
 p - 4 scrolls of fear
 s - 12 scrolls of blinking
 v - 5 scrolls of recharging
 G - 23 scrolls of remove curse {@r2}
 M - 16 scrolls of teleportation
 N - 3 scrolls of summoning
Potions
 d - 4 potions of magic
 h - 5 potions of haste
 i - 5 potions of mutation {!q}
 m - 9 potions of flight
 z - 4 potions of might
 B - 19 potions of heal wounds {@q2}
 H - 18 potions of curing {@q1}
 I - 10 potions of agility
 J - 6 potions of resistance
 K - 9 potions of invisibility
 L - 14 potions of lignification {!q}
 O - a potion of ambrosia
 V - a potion of cancellation
Miscellaneous
 k - 2 phantom mirrors
 n - 5 boxes of beasts
 t - a lamp of fire
 C - 3 sacks of spiders
 P - a phial of floods
 Z - a lightning rod (4/4)
Comestibles
 x - 12 royal jellies
 F - 21 meat rations


   Skills:
 + Level 23.2 Fighting
 - Level 11.2 Maces & Flails
 O Level 27 Crossbows
 - Level 11.1 Armour
 - Level 18.0 Dodging
 - Level 15.0 Stealth
 - Level 3.0 Spellcasting
 - Level 14.8 Hexes
 - Level 5.0 Charms
 - Level 7.0 Necromancy
 - Level 8.9 Translocations
 - Level 3.4 Transmutations
 - Level 3.3 Air Magic
 - Level 3.0 Earth Magic
 + Level 15.5 Invocations
 + Level 19.7 Evocations


You had 5 spell levels left.
You knew the following spells:

 Your Spells              Type           Power        Failure   Level  Hunger
a - Shroud of Golubria    Chrm/Tloc      ####......   1%          2    ##.....
b - Passwall              Tmut/Erth      ###.......   9%          2    ##.....
c - Portal Projectile     Hex/Tloc       ######       1%          3    ###....
d - Passage of Golubria   Tloc           N/A          5%          4    ####...
e - Song of Slaying       Chrm           ###.....     4%          2    ##.....
f - Darkness              Hex            ######....   8%          6    #######
q - Regeneration          Chrm/Necr      ####......   5%          3    ###....
A - Apportation           Tloc           #####.       1%          1    None
B - Blink                 Tloc           N/A          1%          2    ##.....
P - Swiftness             Chrm/Air       ###.....     6%          2    ##.....


Dungeon Overview and Level Annotations

Branches:
Dungeon (15/15)            Temple (1/1) D:4            Lair (6/6) D:9
  Swamp (4/4) Lair:3        Snake (4/4) Lair:3        Slime (5/5) Lair:6
    Orc (2/2) D:10            Elf (3/3) Orc:2        Vaults (5/5) D:13
  Crypt (0/3) Vaults:3     Depths (5/5) D:15            Zot (5/5) Depths:5

Altars:
Ashenzari
Elyvilon
Fedhas
Hepliaklqana
Makhleb
Okawaru
Ru
Sif Muna
Trog
Vehumet
Xom
Yredelemnul
The Shining One
Beogh
Jiyva
Lugonu

Shops:
D:4 (   D:5 !   D:7 [   D:12 [?=(   D:15 !   Orc:1 (   Orc:2 :::   Elf:1 =%(!
Elf:2 !   Snake:1 (}([   Vaults:2 ?   Vaults:3 ?*%?   Vaults:4 [[!*

Portals:
Hell: Depths:1
Abyss: Depths:1 Depths:2

Annotations:
D:1 exclusion: downstairs
D:2 yiuf, Natasha, Sigmund
D:3 exclusion: skeleton
D:4 orc p, w2
D:5 Ijyb
D:8 exclusion: cyclops
D:13 vaults
D:15 speed agnes, Agnes
Lair:1 exclusion: oklob plant
Lair:2 exclusion: oklob plant
Lair:3 Rupert
Lair:4 FUNNY vault, swamp tier
Snake:2 exclusions: downstairs, guardian serpent, naga, naga warrior and salamander
Snake:3 Donald
Elf:2 3 runed doors
Depths:2 13 runed doors
Depths:5 3 runed doors, exclusion: upstairs


Innate Abilities, Weirdness & Mutations

You are small and have problems with some larger weapons.
You are carnivorous and can eat meat at any time.
You have a pair of small horns on your head.
Your skin changes colour to match your surroundings (Stealth+).
You are resistant to hostile enchantments. (MR+)


Message History

Firing (i - inventory. (,) - cycle):
o - 1106 bolts (quivered)
Press: ? - help, Shift-Dir - straight line, f/p - lorocyproca
Aim: a lorocyproca (almost dead, slightly transparent)
You shoot a bolt. The bolt barely misses the lorocyproca.
The lorocyproca misses you.
Firing (i - inventory. (,) - cycle):
o - 1105 bolts (quivered)
Press: ? - help, Shift-Dir - straight line, f/p - lorocyproca
Aim: a lorocyproca (almost dead, slightly transparent)
You shoot a bolt. The bolt hits the lorocyproca!!!
You kill the lorocyproca!
Okawaru accepts your kill.
Evoke which item? (* to show all) (? for menu, Esc to quit)
Aiming: Dig
Press: ? - help, Shift-Dir - straight line The rock shatters into small pieces.
This wand has 7 charges left.
There is a staircase leading out of the dungeon here.
You start waiting.
You feel like a meek peon again.
Unknown command.
You have escaped!

.......#..(.# #.###....####.###.
.......#...(######........##.....
.......#.......##..........######
.......#######.#............#
######## #.#............##
#......####....^# #....###
###...# ##.### ##..# ##@.###
###...# #....####.....# #
#............## # #............#
# ##..........## # ##........## #
###....### # ###### #


There were no monsters in sight!

Vanquished Creatures
  7 orbs of fire (Zot:5)
  The ghost of Armakuni the Human Blade, a legendary HuWn of Gozag (Zot:5)
  5 ancient liches
  Frederick (Vaults:2)
  3 Killer Klowns
  A curse toe (Zot:5)
  6 golden dragons
  2 pandemonium lords
  Jory (Vaults:5)
  2 bone dragons
  2 electric golems (Zot:5)
  2 Tzitzimimeh
  3 liches
  7 tentacled monstrosities
  Asterion (Snake:2)
  6 titans (Vaults:5)
  25 Orb Guardians
  5 deep elf blademasters (Elf:3)
  3 quicksilver dragons
  An Executioner (Zot:5)
  2 death cobs
  14 acid blobs
  6 deep elf master archers (Elf:3)
  An ancient champion (Vaults:3)
  4 sphinxes
  Kirke (Swamp:1)
  2 thorn hunters
  6 tengu reavers
  3 shadow dragons
  6 tentacled starspawn
  8 storm dragons
  4 draconian monks
  9 nagarajas
  7 deep elf sorcerers
  7 azure jellies
  6 fire giants
  4 draconian knights
  7 frost giants
  A draconian scorcher (Zot:4)
  A balrug (D:11)
  3 orc warlords
  Aizul (Snake:1)
  4 ghost moths
  18 vault wardens
  A draconian stormcaller (Zot:2)
  A draconian shifter (Zot:4)
  7 deep elf elementalists
  13 ironheart preservers
  3 draconian annihilators
  3 war gargoyles
  18 stone giants
  2 reapers
  4 deep elf demonologists
  25 very ugly things
  Nessos (Lair:5)
  2 entropy weavers (D:12)
  10 starcursed masses (Abyss:3)
  A lorocyproca (D:1)
  3 black draconians
  2 purple draconians
  10 red draconians
  3 yellow draconians
  5 green draconians
  6 deep elf annihilators
  11 white draconians
  2 vampire knights
  2 spark wasps (Depths:1)
  7 deep elf death magi
  5 death oozes (Slime:5)
  A fire dragon (shapeshifter) (Vaults:5)
  10 ettins
  2 green deaths
  7 fire dragons
  14 great orbs of eyes
  A merfolk impaler (Depths:2)
  7 ogre magi
  11 naga warriors
  4 deep elf high priests
  Fannar (D:11)
  2 jiangshi (Depths:2)
  11 yaktaur captains
  7 ice dragons
  34 vault guards
  A hell beast (D:10)
  4 rakshasas
  6 centaur warriors
  10 alligators
  A death knight (Vaults:3)
  24 hydras
  A spriggan air mage (Depths:2)
  15 anacondas
  2 catoblepae
  20 two-headed ogres
  3 deep troll shamans
  A titan zombie (Depths:2)
  5 tengu warriors
  A queen ant (D:12)
  8 death yaks (Lair:6)
  5 orc high priests
  14 dancing weapons
  A spriggan berserker (Depths:2)
  6 deep troll earth magi
  6 shock serpents
  7 naga sharpshooters
  2 vampire magi (Depths:2)
  A shock serpent (shapeshifter) (Vaults:3)
  15 deep elf knights
  A sun demon (D:11)
  A soul eater (D:2)
  A sixfirhy (Zot:5)
  A fire crab (Volcano)
  5 skeletal warriors
  4 wretched stars (Abyss:3)
  A salamander mystic (Snake:2)
  A shadow wraith (Vaults:4)
  4 spriggan druids
  2 torturous demonspawn (D:11)
  A spatial maelstrom (Abyss:3)
  2 unseen horrors (shapeshifter)
  A glowing orange brain (shapeshifter) (Vaults:4)
  10 sea snakes
  19 deep trolls
  An unseen horror (D:13)
  7 flayed ghosts
  24 deep elf archers
  An orange crystal statue (Elf:2)
  18 ironbrand convokers
  5 naga ritualists
  4 shambling mangroves
  4 wizards
  A golden dragon skeleton (Depths:2)
  2 glowing orange brains
  8 swamp dragons
  5 harpies (Vaults:3)
  5 necromancers
  7 phantasmal warriors
  2 lindwurms
  10 mana vipers
  4 orc sorcerers
  60 deep elf magi
  3 manticores
  5 wolf spiders
  A fire giant zombie (Depths:2)
  7 cyclopes
  7 shining eyes
  12 orc knights
  46 ugly things
  7 salamanders
  2 shining eyes (shapeshifter)
  A faun (shapeshifter) (Vaults:5)
  A stone giant skeleton (Depths:2)
  An elephant (shapeshifter) (Elf:2)
  18 elephants
  A worldbinder (Abyss:1)
  11 moths of wrath
  9 naga magi
  3 black mambas (shapeshifter)
  3 centaur zombies
  A water nymph (shapeshifter) (Elf:2)
  8 guardian serpents
  An apocalypse crab (Abyss:1)
  2 smoke demons
  17 vault sentinels
  24 black mambas
  11 spiny frogs
  3 gargoyles
  A torpor snail (Lair:2)
  3 orange demons
  5 eyes of devastation
  2 rime drakes
  2 kobold demonologists
  45 yaktaurs
  5 freezing wraiths
  2 yaktaurs (shapeshifter)
  A komodo dragon (shapeshifter) (Depths:2)
  7 komodo dragons
  2 efreet (Abyss:3)
  A hellwing (D:11)
  A tormentor (D:11)
  2 spriggan skeletons
  4 tengu conjurers
  3 red devils
  15 trolls
  A queen bee (shapeshifter) (Vaults:4)
  5 ancient zymes
  A meliai (shapeshifter) (Vaults:5)
  4 polar bears (Lair:6)
  12 blink frogs
  21 hornets
  6 tyrant leeches
  6 bog bodies
  A spriggan zombie (Depths:2)
  A shadow dragon simulacrum (Abyss:1)
  6 dream sheep (Lair:6)
  14 hippogriffs
  3 raiju
  A hippogriff (shapeshifter) (Vaults:4)
  95 slime creatures
  Grinder (D:6)
  A meliai zombie (D:15)
  An ice dragon zombie (Abyss:1)
  2 stone giant simulacra (Depths:1)
  4 ynoxinuls
  3 flying skulls (Abyss:3)
  4 shadows
  A fire dragon skeleton (Abyss:1)
  A spriggan (shapeshifter) (Depths:2)
  20 spriggans
  6 water elementals
  2 centaur simulacra
  2 air elementals
  A vampire (D:12)
  2 hogs (shapeshifter)
  5 wyverns
  A wyvern (shapeshifter) (Depths:1)
  An elf simulacrum (Depths:2)
  46 yaks
  2 hogs (Swamp:1)
  5 basilisks
  3 neqoxecs (Abyss:3)
  2 fire bats (Volcano)
  A fire elemental (Elf:2)
  A golden eye (shapeshifter) (Vaults:5)
  A human (shapeshifter) (Depths:5)
  6 golden eyes
  3 wraiths
  4 chaos spawn
  6 small abominations (Abyss:3)
  15 vampire mosquitoes
  Menkaure (D:6)
  3 acid dragons
  17 swamp worms
  2 hungry ghosts
  11 large abominations
  A warg (Orc:2)
  20 insubstantial wisps
  A water moccasin (shapeshifter) (Depths:2)
  27 nagas
  15 soldier ants
  19 water moccasins
  12 porcupines
  4 hell hounds (Volcano)
  50 orc warriors
  3 phantoms
  A black bear (shapeshifter) (Depths:2)
  3 ice beasts
  4 sky beasts
  15 swamp drakes
  9 black bears
  A hornet zombie (D:10)
  4 necrophages
  8 eyes of draining
  25 wolves
  13 boggarts
  40 ogres
  21 centaurs
  A crocodile (shapeshifter) (Depths:5)
  9 crocodiles
  A wyvern zombie (D:7)
  3 big kobolds
  29 bullfrogs
  A gnoll sergeant (D:9)
  A bullfrog (shapeshifter) (Vaults:3)
  A deep troll simulacrum (Vaults:1)
  3 earth elementals
  A glowing shapeshifter simulacrum (Vaults:3)
  4 scorpions
  15 killer bees
  A howler monkey (D:12)
  10 wights
  4 electric eels (Snake:1)
  14 crimson imps
  A bullfrog zombie (D:13)
  4 quasits
  33 orc priests
  9 hounds
  24 jellies
  2 bullfrog skeletons
  2 centaur skeletons
  Crazy Yiuf (D:2)
  3 iron imps
  6 iguanas
  33 worker ants
  31 orc wizards
  2 hell rats (Lair:6)
  A mummy (D:10)
  A worker ant zombie (D:7)
  5 gnolls
  A howler monkey skeleton (D:4)
  4 river rats (Lair:6)
  10 adders
  An adder (shapeshifter) (Vaults:4)
  7 shadow imps
  2 white imps (Abyss:1)
  3 ufetubi
  14 oozes
  2 adder skeletons (D:4)
  3 worms
  A dart slug (D:3)
  8 leopard geckos
  111 orcs
  4 bats
  5 giant cockroaches
  8 goblins
  9 hobgoblins
  14 jackals
  2 quokkas
  A ball python (D:4)
  A ball python skeleton (D:5)
  5 frilled lizards
  2 gnoll zombies (D:5)
  34 kobolds
  A quokka skeleton (D:5)
  17 rats
  2 crawling corpses (Elf:3)
  A fungus (Lair:6)
  21 plants
  A starspawn tentacle (Abyss:3)
2366 creatures vanquished.

Vanquished Creatures (collateral kills)
  the Royal Jelly (Slime:5)
  3 Orb Guardians (Zot:5)
  A guardian serpent (Snake:4)
  A hornet (Lair:3)
  A spriggan (Lair:3)
7 creatures vanquished.

Vanquished Creatures (others)
  A death cob (Zot:5)
  An ironheart preserver (Vaults:5)
  A sea snake (Snake:4)
  A moth of wrath (Zot:5)
  A guardian serpent (Snake:4)
  A slime creature (Swamp:3)
  An air elemental (Depths:2)
  A golden eye (Slime:1)
  A hell hound (Zot:5)
  A boggart (Vaults:1)
  13 fungi
  A lurking horror (Abyss:3)
  4 plants
  5 starspawn tentacles (Abyss:3)
33 creatures vanquished.

Grand Total: 2406 creatures vanquished

Notes
Turn   | Place    | Note
-------+----------+-------------------------------------------
     0 | D:1      | smhtbhfam the Kobold Monk began the quest for the Orb.
     0 | D:1      | Reached XP level 1. HP: 14/14 MP: 1/1
     0 | D:1      | i'm not exactly thrilled at the prospect of playing a melee kobold
     0 | D:1      | or any kobold really
    52 | D:1      | at least i get an EV bonus i suppose
   159 | D:1      | Reached skill level 3 in Maces & Flails
   218 | D:1      | Reached XP level 2. HP: 16/19 MP: 2/2
   283 | D:1      | +2 in crossbows huh
   512 | D:2      | Noticed Sigmund
   673 | D:1      | the apts aren't that bad i guess
   684 | D:1      | for specific things at least
   809 | D:1      | Reached XP level 3. HP: 19/23 MP: 3/3
  1003 | D:2      | Noticed Natasha
  1005 | D:2      | thanks god for good stealth
  1337 | D:3      | Reached skill level 4 in Maces & Flails
  1672 | D:2      | Reached XP level 4. HP: 27/28 MP: 4/4
  2319 | D:3      | oh
  2319 | D:3      | +str gloves, neat
  2513 | D:3      | Reached XP level 5. HP: 24/32 MP: 5/5
  2915 | D:4      | Found Tyobuaf's Weapon Boutique.
  2941 | D:4      | Reached skill level 5 in Maces & Flails
  2997 | D:4      | Noticed an ogre
  2999 | D:4      | i think i can kill him but there's no point in wasting resources
  3064 | D:4      | Found a radiant altar of Vehumet.
  3092 | D:4      | Found a staircase to the Ecumenical Temple.
  3102 | Temple   | Entered the Ecumenical Temple
  3103 | Temple   | cool
  3124 | Temple   | let's go with the usual boring guy
  3124 | Temple   | Became a worshipper of Warmaster Okawaru
  3124 | Temple   | Reached * piety under Okawaru
  3124 | Temple   | Reached ** piety under Okawaru
  3374 | D:4      | crap
  3434 | D:5      | Entered Level 5 of the Dungeon
  3478 | D:5      | Reached XP level 6. HP: 31/37 MP: 6/6
  3810 | D:5      | Reached skill level 6 in Maces & Flails
  3817 | D:5      | Noticed Ijyb
  4116 | D:5      | Found a basalt altar of Yredelemnul.
  4254 | D:5      | Noticed a sky beast
  4292 | D:5      | Killed a sky beast
  4292 | D:5      | Reached XP level 7. HP: 32/41 MP: 5/7
  4373 | D:5      | Found Woariada's Distillery.
  4386 | D:5      | Bought a potion of agility for 60 gold pieces
  4386 | D:5      | Bought a potion of resistance for 150 gold pieces
  4386 | D:5      | Bought a potion of invisibility for 120 gold pieces
  4410 | D:5      | Reached skill level 7 in Maces & Flails
  4503 | D:7      | Noticed a hippogriff
  4504 | D:7      | yeah maybe no
  4565 | D:5      | Reached *** piety under Okawaru
  4565 | D:5      | Reached skill level 1 in Evocations
  4663 | D:6      | Reached skill level 2 in Evocations
  4675 | D:6      | Found a burning altar of Makhleb.
  4700 | D:6      | Reached skill level 3 in Evocations
  4761 | D:6      | Noticed Menkaure
  4792 | D:6      | Killed Menkaure
  4792 | D:6      | Reached XP level 8. HP: 46/46 MP: 10/10
  4849 | D:6      | Reached skill level 4 in Evocations
  4865 | D:6      | Reached skill level 8 in Maces & Flails
  4878 | D:6      | Noticed Grinder
  4879 | D:6      | Paralysed by Grinder for 4 turns
  4891 | D:6      | Killed Grinder
  4891 | D:6      | Reached **** piety under Okawaru
  5184 | D:6      | Found a deep blue altar of Sif Muna.
  5186 | D:6      | Reached skill level 9 in Maces & Flails
  5202 | D:6      | Reached skill level 4 in Fighting
  5231 | D:6      | Reached XP level 9. HP: 29/52 MP: 6/12
  5590 | D:2      | Found a runed door.
  5594 | D:2      | Noticed Crazy Yiuf
  5599 | D:2      | Killed Crazy Yiuf
  5670 | D:3      | Reached skill level 1 in Invocations
  5719 | D:4      | Reached skill level 2 in Invocations
  5938 | D:7      | Found a sacrificial altar of Ru.
  6004 | D:7      | Noticed a hippogriff
  6015 | D:7      | Killed a hippogriff
  6015 | D:7      | Reached skill level 4 in Invocations
  6128 | D:7      | Reached skill level 5 in Invocations
  6176 | D:7      | Reached ***** piety under Okawaru
  6377 | D:7      | Killed a hippogriff
  6377 | D:7      | Reached skill level 6 in Invocations
  6445 | D:7      | Reached skill level 7 in Invocations
  6579 | D:7      | Learned a level 2 spell: Blink
  6581 | D:7      | Identified the cursed +1 hand crossbow of the Tundras {flame, MR+ Stlth+} (You found it on level 7 of the Dungeon)
  6588 | D:7      | Found Umedudgh's Antique Armour Emporium.
  6602 | D:7      | Reached skill level 1 in Crossbows
  6602 | D:7      | Reached XP level 10. HP: 44/58 MP: 12/15
  6669 | D:7      | Found a burning altar of Makhleb.
  6781 | D:7      | Reached skill level 2 in Crossbows
  6927 | D:7      | Reached skill level 5 in Fighting
  6957 | D:7      | Reached skill level 3 in Crossbows
  7160 | D:4      | Reached skill level 4 in Crossbows
  7339 | D:8      | Noticed a cyclops
  7419 | D:8      | Reached skill level 5 in Crossbows
  7430 | D:8      | Reached skill level 6 in Crossbows
  7589 | D:8      | race against time
  7589 | D:8      | what happens first, do i find remove curse or do i run out of bolts
  7646 | D:8      | Reached skill level 7 in Crossbows
  7967 | D:8      | Reached skill level 8 in Crossbows
  8160 | D:9      | Reached skill level 9 in Crossbows
  8211 | D:9      | Found a hazy altar of Hepliaklqana.
  8212 | D:9      | Found a glowing golden altar of the Shining One.
  8447 | D:9      | Received a gift from Okawaru
  8542 | D:9      | Reached skill level 10 in Crossbows
  8570 | D:9      | Reached XP level 11. HP: 57/64 MP: 13/16
  8915 | D:9      | Found a staircase to the Lair.
  8924 | D:9      | Reached skill level 11 in Crossbows
  8943 | D:10     | Entered Level 10 of the Dungeon
  9094 | D:10     | Noticed a two-headed ogre
  9104 | D:10     | Reached skill level 4 in Dodging
  9114 | D:10     | Killed a two-headed ogre
  9114 | D:10     | Reached skill level 6 in Fighting
  9194 | D:10     | Found a staircase to the Orcish Mines.
  9249 | D:10     | Got a warped cloak
  9260 | D:10     | Identified the +2 cloak of the Blessed Realm {-Tele rCorr Str+6} (You found it on level 10 of the Dungeon)
  9260 | D:10     | >-tele
  9260 | D:10     | can't have good things
  9479 | D:10     | Reached ****** piety under Okawaru
  9479 | D:10     | Received a gift from Okawaru
  9492 | D:10     | Reached skill level 10 in Maces & Flails
  9633 | D:10     | Reached skill level 7 in Fighting
  9633 | D:10     | Reached skill level 5 in Dodging
  9767 | D:10     | Received a gift from Okawaru
  9947 | D:11     | Noticed a cyan ugly thing
  9963 | D:11     | Killed a cyan ugly thing
 10064 | Lair:1   | Entered Level 1 of the Lair of Beasts
 10105 | Lair:1   | Upgraded the game from 0.21-a0-79-g04744e2 to 0.21-a0-81-gc5150db
 10175 | Lair:1   | Reached skill level 8 in Fighting
 10299 | Lair:1   | Reached skill level 5 in Evocations
 10393 | Lair:1   | Reached XP level 12. HP: 43/74 MP: 8/17
 10559 | Lair:1   | Received a gift from Okawaru
 10565 | Lair:1   | Reached skill level 6 in Evocations
 10735 | Lair:1   | Reached skill level 12 in Crossbows
 11144 | Lair:2   | Reached skill level 6 in Dodging
 11155 | Lair:2   | Reached skill level 13 in Crossbows
 11452 | Lair:2   | Reached skill level 7 in Dodging
 11650 | Lair:2   | Reached skill level 8 in Dodging
 11827 | Lair:2   | Reached skill level 14 in Crossbows
 11854 | Lair:2   | Reached XP level 13. HP: 79/79 MP: 18/18
 11951 | Lair:3   | Found a staircase to the Snake Pit.
 12091 | Lair:3   | Reached skill level 9 in Dodging
 12155 | Lair:3   | Found a staircase to the Swamp.
 12295 | Lair:4   | Noticed a catoblepas
 12307 | Lair:4   | Received a gift from Okawaru
 12332 | Lair:4   | Killed a catoblepas
 12332 | Lair:4   | Reached skill level 9 in Fighting
 12418 | Lair:4   | the fuck is this vault
 12618 | Lair:4   | Received a gift from Okawaru
 12753 | Lair:4   | Received a gift from Okawaru
 12952 | Lair:4   | Reached skill level 10 in Fighting
 13033 | Lair:4   | Reached skill level 15 in Crossbows
 13049 | Lair:4   | Noticed an eight-headed hydra
 13049 | Lair:4   | Noticed an eight-headed hydra
 13051 | Lair:4   | oh god what the fuck
 13349 | Lair:5   | Found a dark tunnel.
 13394 | Volcano  | Entered a volcano
 13678 | Volcano  | >wand of iceblast in a volcano
 13678 | Volcano  | okay
 13725 | Volcano  | Received a gift from Okawaru
 13952 | Lair:5   | Reached skill level 16 in Crossbows
 14057 | Lair:5   | Reached skill level 7 in Evocations
 14101 | Lair:5   | Received a gift from Okawaru
 14168 | Lair:5   | Noticed Nessos
 14175 | Lair:5   | Killed Nessos
 14175 | Lair:5   | Received a gift from Okawaru
 14175 | Lair:5   | Reached skill level 8 in Evocations
 14199 | Lair:5   | Noticed an eight-headed hydra
 14212 | Lair:5   | Killed an eight-headed hydra
 14212 | Lair:5   | Reached XP level 14. HP: 88/88 MP: 18/20
 14222 | Lair:5   | Reached skill level 9 in Evocations
 14546 | Lair:5   | Received a gift from Okawaru
 15109 | Lair:5   | i don't like this vault because it takes tons of time to explore (damn plants) but it has some neat items
 15120 | Lair:6   | Entered Level 6 of the Lair of Beasts
 15170 | Lair:6   | Received a gift from Okawaru
 15273 | Lair:6   | Received a gift from Okawaru
 15319 | Lair:6   | Got a jewelled quarterstaff {god gift}
 15320 | Lair:6   | Identified the +8 quarterstaff "Busmuah" {god gift, crush, Str+3 Dex+2} (Okawaru gifted it to you on level 6 of the Lair of Beasts)
 15393 | Lair:6   | Reached skill level 10 in Dodging
 15641 | Lair:6   | Found a staircase to the Slime Pits.
 15781 | Lair:6   | Reached skill level 17 in Crossbows
 15822 | Lair:6   | Received a gift from Okawaru
 15824 | Lair:6   | Reached skill level 11 in Fighting
 15875 | Lair:6   | Received a gift from Okawaru
 15984 | Lair:6   | Received a gift from Okawaru
 16189 | Lair:6   | Received a gift from Okawaru
 16201 | Lair:6   | Reached skill level 11 in Dodging
 16378 | Lair:6   | Reached XP level 15. HP: 95/95 MP: 21/21
 16948 | Orc:1    | Entered Level 1 of the Orcish Mines
 16948 | Orc:1    | Found Oviuwnul's Antique Weapon Emporium.
 16957 | D:10     | Reached skill level 18 in Crossbows
 17247 | Orc:2    | Entered Level 2 of the Orcish Mines
 17768 | Orc:2    | Found Dakamus's Book Boutique.
 17788 | Orc:2    | Found Dengonuw's Book Shop.
 17796 | Orc:2    | Reached skill level 1 in Armour
 17823 | Orc:2    | Found a roughly hewn altar of Beogh.
 17826 | Orc:2    | Received a gift from Okawaru
 17872 | Orc:2    | Reached skill level 2 in Armour
 18395 | Orc:2    | Reached skill level 12 in Fighting
 18408 | Orc:2    | Reached skill level 3 in Armour
 18432 | Orc:2    | Received a gift from Okawaru
 18474 | Orc:2    | Found a staircase to the Elven Halls.
 18700 | Orc:2    | Noticed an orc warlord
 18774 | Orc:2    | Killed an orc warlord
 18801 | Orc:2    | Reached skill level 4 in Armour
 18874 | Orc:2    | Found a roughly hewn altar of Beogh.
 18933 | Orc:2    | Found Deifeano's Assorted Antiques.
 19212 | Orc:2    | Found Oczy's Book Boutique.
 19228 | Orc:2    | 3 book shops and a mimic
 19228 | Orc:2    | wow
 19231 | Orc:2    | Bought a manual of Fighting for 1324 gold pieces
 19231 | Orc:2    | at least there's one good thing
 19580 | D:11     | Found a blossoming altar of Fedhas.
 19764 | D:11     | Received a gift from Okawaru
 19764 | D:11     | Reached skill level 5 in Armour
 19890 | D:11     | Noticed Fannar
 19894 | D:11     | Killed Fannar
 19944 | D:12     | s h o p s
 19985 | D:12     | Found a flagged portal.
 20026 | Bailey   | Entered a bailey
 20101 | Bailey   | this bailey is normally bad but it has some gold
 20101 | Bailey   | so i won't complain too much
 20300 | Bailey   | ooh
 20520 | D:12     | Found Yrghauhy's Weapon Emporium.
 20725 | D:12     | Found Hegoik's Jewellery Boutique.
 20763 | D:12     | Found Wokkaykeu's Armour Boutique.
 21005 | D:12     | Found Yfezemet's Magic Scroll Shop.
 21015 | D:12     | Bought a scroll of teleportation for 51 gold pieces
 21015 | D:12     | Bought a scroll of teleportation for 51 gold pieces
 21015 | D:12     | Bought a scroll of teleportation for 51 gold pieces
 21015 | D:12     | Bought a scroll of identify for 34 gold pieces
 21015 | D:12     | Bought a scroll of identify for 34 gold pieces
 21062 | D:13     | Reached XP level 16. HP: 86/103 MP: 8/22
 21116 | D:14     | Found a shimmering altar of Xom.
 21121 | D:14     | Reached skill level 13 in Fighting
 21126 | D:14     | Reached skill level 6 in Armour
 21858 | D:14     | this is an extremely tame vault for d:14
 21885 | D:14     | Reached skill level 19 in Crossbows
 21908 | D:14     | but i won't complain about a ?summoning for defeating a manticore
 21994 | D:15     | Entered Level 15 of the Dungeon
 22020 | D:15     | Found a deep blue altar of Sif Muna.
 22126 | D:15     | Reached skill level 10 in Evocations
 22237 | D:15     | Found Luurig's Distillery.
 22257 | D:15     | Bought a potion of agility for 64 gold pieces
 22257 | D:15     | Bought a potion of curing for 48 gold pieces
 22368 | D:15     | Reached skill level 14 in Fighting
 22539 | D:15     | Noticed Agnes
 22540 | D:15     | no no no
 22748 | Swamp:1  | Entered Level 1 of the Swamp
 22777 | Lair:3   | Received a gift from Okawaru
 22975 | Swamp:1  | Noticed Kirke
 22986 | Swamp:1  | Killed Kirke
 22986 | Swamp:1  | Received a gift from Okawaru
 23028 | Swamp:1  | Upgraded the game from 0.21-a0-81-gc5150db to 0.21-a0-84-g85d6d27
 23046 | Swamp:1  | Reached skill level 15 in Fighting
 23288 | Swamp:2  | Received a gift from Okawaru
 23290 | Swamp:2  | Paralysed by a hornet for 2 turns
 23294 | Swamp:2  | Paralysed by a hornet for 1 turns
 23435 | Swamp:1  | Reached skill level 16 in Fighting
 23913 | Swamp:2  | fucking alarm traps
 23939 | Swamp:2  | Received a gift from Okawaru
 23953 | Swamp:2  | Reached skill level 17 in Fighting
 24208 | Swamp:3  | shit's fucked
 24227 | Swamp:2  | of course after i use a consumable, three attacks magically hit in a row
 24227 | Swamp:2  | and three is enough
 24417 | Swamp:3  | Received a gift from Okawaru
 24501 | Swamp:3  | Reached skill level 18 in Fighting
 24532 | Swamp:3  | Received a gift from Okawaru
 24532 | Swamp:3  | Reached XP level 17. HP: 96/120 MP: 16/24
 24671 | Swamp:3  | Noticed a thorn hunter
 24690 | Swamp:3  | Killed a thorn hunter
 24828 | Swamp:4  | Entered Level 4 of the Swamp
 24890 | Swamp:4  | Received a gift from Okawaru
 24967 | Swamp:4  | Received a gift from Okawaru
 25026 | Swamp:4  | the one good thing about playing a ranged character is taht you don;t have to switch to a stupid item to breadswing
 25026 | Swamp:4  | hurrrr
 25134 | Swamp:3  | the fuck is this shit
 25136 | Swamp:3  | HP: 24/120 [poison (poison gas)]
 25141 | Swamp:3  | HP: 17/120 [poison (poison gas)]
 25146 | Swamp:3  | HP: 13/120 [poison (poison gas)]
 25151 | Swamp:3  | HP: 12/120 [poison (poison gas)]
 25156 | Swamp:3  | HP: 13/120 [poison (poison gas)]
 25161 | Swamp:3  | HP: 13/120 [poison (poison gas)]
 25301 | Swamp:3  | Reached skill level 20 in Crossbows
 25535 | Swamp:4  | Received a gift from Okawaru
 25847 | Swamp:4  | Received a gift from Okawaru
 25862 | Swamp:4  | Reached skill level 7 in Armour
 25862 | Swamp:4  | Reached skill level 12 in Dodging
 25867 | Swamp:4  | Noticed a thorn hunter
 25873 | Swamp:4  | Killed a thorn hunter
 25873 | Swamp:4  | Reached skill level 1 in Translocations
 25874 | Swamp:4  | 31 EV, hits three times in a row
 25874 | Swamp:4  | heh
 25886 | Swamp:4  | time for some arbalestswinging then
 25987 | Swamp:4  | Received a gift from Okawaru
 26003 | Swamp:4  | Identified a +2 pair of boots of running {god gift} (Okawaru gifted it to you on level 4 of the Swamp)
 26204 | Swamp:4  | Got a decaying rune of Zot
 26360 | Lair:3   | Noticed Rupert
 26525 | Lair:4   | Reached skill level 2 in Translocations
 26639 | Snake:1  | Entered Level 1 of the Snake Pit
 26639 | Snake:1  | Noticed Aizul
 27013 | Snake:1  | Killed Aizul
 27013 | Snake:1  | Reached skill level 11 in Evocations
 27102 | Snake:1  | Found Nonunt's Gadget Boutique.
 27116 | Snake:1  | Bought a lamp of fire for 560 gold pieces
 27116 | Snake:1  | Bought a sack of spiders for 280 gold pieces
 27125 | Snake:1  | Found Daraes's Armour Emporium.
 27140 | Snake:1  | Reached skill level 3 in Translocations
 27186 | Snake:1  | Reached XP level 18. HP: 88/126 MP: 3/26
 27198 | Snake:1  | Reached skill level 4 in Translocations
 27374 | Snake:1  | Reached skill level 5 in Translocations
 27994 | Snake:1  | Found Linoh's Weapon Boutique.
 28031 | Snake:1  | Found Ucexomim's Weapon Shop.
 28408 | Snake:2  | Received a gift from Okawaru
 28516 | Snake:3  | Noticed Donald
 28531 | Snake:2  | Noticed Asterion
 28546 | Snake:2  | Killed Asterion
 28643 | Snake:2  | Reached skill level 13 in Dodging
 28751 | Snake:2  | Received a gift from Okawaru
 28929 | Snake:2  | Reached skill level 21 in Crossbows
 29048 | Snake:3  | Reached skill level 8 in Armour
 29247 | Snake:4  | Entered Level 4 of the Snake Pit
 29291 | Snake:4  | Received a gift from Okawaru
 29435 | Snake:4  | that's "nice"
 29637 | Snake:4  | Received a gift from Okawaru
 29658 | Snake:4  | Reached XP level 19. HP: 122/131 MP: 27/27
 29758 | Snake:4  | Received a gift from Okawaru
 29908 | Snake:4  | Received a gift from Okawaru
 29913 | Snake:4  | oh, velocity
 30269 | Snake:4  | Reached skill level 22 in Crossbows
 30350 | Snake:4  | Got a serpentine rune of Zot
 30733 | Lair:4   | so, +3 AC or rF+?
 30733 | Lair:4   | and better blink chance
 30961 | D:12     | Bought an uncursed ring of protection from fire for 300 gold pieces
 31195 | D:13     | Learned a level 3 spell: Regeneration
 31204 | D:13     | Found a gate to the Vaults.
 31217 | D:13     | Received a gift from Okawaru
 31464 | D:13     | Learned a level 4 spell: Passage of Golubria
 31467 | D:13     | Learned a level 2 spell: Shroud of Golubria
 31518 | D:13     | Received a gift from Okawaru
 31605 | D:13     | Reached skill level 1 in Necromancy
 31670 | D:14     | Reached skill level 1 in Charms
 31895 | Vaults:1 | Entered Level 1 of the Vaults
 32124 | Vaults:1 | Reached skill level 2 in Necromancy
 32140 | Vaults:1 | Received a gift from Okawaru
 32293 | Vaults:1 | Reached skill level 2 in Charms
 32398 | Vaults:1 | Reached skill level 3 in Necromancy
 32430 | Vaults:1 | Reached skill level 23 in Crossbows
 32612 | Vaults:3 | Found Xystiapu's Assorted Antiques.
 32645 | Vaults:3 | Reached XP level 20. HP: 137/137 MP: 28/28
 32705 | Vaults:3 | Found Riudix's Magic Scroll Shop.
 32711 | Vaults:3 | Bought a scroll of summoning for 152 gold pieces
 32722 | Vaults:3 | Reached skill level 3 in Charms
 32917 | Vaults:3 | Received a gift from Okawaru
 32930 | Vaults:3 | Found Etuibee's Food Shop.
 32966 | Vaults:3 | Reached skill level 4 in Necromancy
 33002 | Vaults:3 | Found Umaomaot's Magic Scroll Emporium.
 33030 | Vaults:3 | Bought a scroll of enchant armour for 97 gold pieces
 33054 | Vaults:3 | Received a gift from Okawaru
 33069 | Vaults:3 | Found a staircase to the Crypt.
 33095 | Vaults:3 | Received a gift from Okawaru
 33122 | Vaults:3 | Reached skill level 4 in Charms
 33232 | Vaults:3 | Reached skill level 5 in Necromancy
 33368 | Vaults:3 | Received a gift from Okawaru
 33372 | Vaults:3 | Identified the +2 cloak "Geusac" {god gift, rElec rCorr Stlth-} (Okawaru gifted it to you on level 3 of the Vaults)
 33373 | Vaults:3 | damn
 33373 | Vaults:3 | rmsl or relec rcorr ac+3
 33827 | Vaults:2 | Reached skill level 5 in Charms
 33834 | Vaults:2 | Reached skill level 6 in Necromancy
 33896 | Vaults:2 | Noticed Frederick
 33916 | Vaults:2 | Killed Frederick
 34007 | Vaults:2 | Found Jyasidgh's Magic Scroll Shop.
 34012 | Vaults:2 | Reached skill level 24 in Crossbows
 34020 | Vaults:2 | Bought a scroll of blinking for 112 gold pieces
 34138 | Vaults:2 | Reached skill level 1 in Spellcasting
 34296 | Vaults:2 | Reached skill level 2 in Spellcasting
 34447 | Vaults:2 | Reached XP level 21. HP: 97/142 MP: 21/29
 34661 | Vaults:1 | Reached skill level 7 in Necromancy
 34883 | Vaults:3 | Received a gift from Okawaru
 34889 | Vaults:3 | Reached skill level 3 in Spellcasting
 35095 | Vaults:4 | Found Adiub's General Store.
 35144 | Vaults:4 | shield of the resistance, too bad
 35277 | Vaults:4 | Received a gift from Okawaru
 35413 | Vaults:4 | Found Wiesihou's Antique Armour Boutique.
 35590 | Vaults:3 | Reached skill level 25 in Crossbows
 36285 | Vaults:4 | Found Arphuc's Distillery.
 36305 | Vaults:4 | Bought a potion of haste for 210 gold pieces
 36461 | Vaults:4 | Reached skill level 26 in Crossbows
 36524 | Vaults:4 | Received a gift from Okawaru
 36608 | Vaults:4 | Reached skill level 3 in Stealth
 36670 | Vaults:4 | Reached skill level 4 in Stealth
 36672 | Vaults:4 | Reached XP level 22. HP: 148/148 MP: 30/30
 36793 | Vaults:5 | Entered Level 5 of the Vaults
 36810 | Vaults:4 | Reached skill level 5 in Stealth
 36914 | Vaults:4 | Reached skill level 6 in Stealth
 36948 | Vaults:4 | nice shapeshiter
 36951 | Vaults:4 | Reached skill level 14 in Dodging
 36971 | Vaults:4 | one more shop somewhere on this level
 37340 | Vaults:4 | Reached skill level 7 in Stealth
 37466 | Vaults:4 | Found Obruney's Armour Shop.
 37497 | Vaults:4 | not only is it in the very last place, it also doesn't have anything interesting
 37648 | Vaults:1 | Reached skill level 8 in Stealth
 37965 | Vaults:1 | Reached skill level 9 in Stealth
 38069 | D:12     | Reached skill level 12 in Evocations
 38205 | D:12     | elec crossbow huh
 38205 | D:12     | a bit too slow to be happy about this
 38377 | Elf:1    | Entered Level 1 of the Elven Halls
 38547 | Elf:2    | Received a gift from Okawaru
 38547 | Elf:2    | Reached skill level 10 in Stealth
 38690 | Elf:2    | Reached skill level 9 in Invocations
 38690 | Elf:2    | Reached XP level 23. HP: 153/153 MP: 28/32
 38787 | Elf:2    | Learned a level 2 spell: Passwall
 39050 | Elf:2    | Reached skill level 11 in Stealth
 39118 | Elf:3    | Entered Level 3 of the Elven Halls
 39550 | Elf:3    | Found a deep blue altar of Sif Muna.
 39605 | Elf:3    | Reached skill level 15 in Dodging
 39772 | Elf:3    | Reached skill level 13 in Evocations
 39805 | Elf:3    | Reached skill level 12 in Stealth
 39898 | Elf:3    | Reached XP level 24. HP: 106/159 MP: 27/32
 40052 | Elf:2    | ow
 40143 | Elf:3    | Reached skill level 13 in Stealth
 40220 | Elf:3    | 5 master archers
 40220 | Elf:3    | isn't it a bit much?
 40345 | Elf:3    | 6th
 40350 | Elf:3    | Received a gift from Okawaru
 40351 | Elf:3    | Got a smoking plate armour {god gift}
 40375 | Elf:3    | Identified the +0 plate armour of Wisdom {god gift, MR+} (Okawaru gifted it to you on level 3 of the Elven Halls)
 40428 | Elf:3    | Reached skill level 14 in Stealth
 40853 | Elf:3    | Learned a level 3 spell: Portal Projectile
 40895 | Elf:3    | Got a crude brass amulet
 40978 | Elf:3    | Identified the amulet of Rufaliumn {+Rage rF+ Str+3 Int+4 SInv} (You found it on level 3 of the Elven Halls)
 41045 | Elf:3    | can you riposte with a triple crossbow
 41045 | Elf:3    | :thinking:
 41046 | Elf:3    | Got a fine amber ring
 41077 | Elf:3    | Learned a level 2 spell: Swiftness
 41081 | Elf:3    | Got a clouded granite ring
 41225 | Elf:2    | Found Etosin's Distillery.
 41241 | Elf:2    | Bought a potion of heal wounds for 75 gold pieces
 41241 | Elf:2    | Bought a potion of heal wounds for 75 gold pieces
 41241 | Elf:2    | Bought a potion of agility for 60 gold pieces
 41241 | Elf:2    | Bought 2 potions of agility for 120 gold pieces
 41321 | Elf:2    | Found a runed gate.
 41323 | Elf:2    | Found a runed gate.
 41327 | Elf:2    | Found a runed gate.
 41361 | Elf:3    | Reached skill level 6 in Translocations
 41506 | Elf:1    | Reached skill level 9 in Armour
 41672 | Elf:1    | Reached skill level 16 in Dodging
 41777 | Elf:1    | Found Apezuorch's Food Shoppe.
 41840 | Elf:1    | Found Cyhuare's Distillery.
 41845 | Elf:1    | Bought a potion of heal wounds for 70 gold pieces
 41845 | Elf:1    | Bought a potion of heal wounds for 70 gold pieces
 41845 | Elf:1    | Bought a potion of haste for 140 gold pieces
 41845 | Elf:1    | Bought a potion of heal wounds for 70 gold pieces
 41845 | Elf:1    | Bought a potion of resistance for 140 gold pieces
 41845 | Elf:1    | Bought a potion of heal wounds for 70 gold pieces
 41870 | Elf:1    | Found Duclixy's Weapon Shoppe.
 42017 | Elf:1    | Reached skill level 14 in Evocations
 42122 | Elf:1    | Found Hulua's Jewellery Emporium.
 42431 | Vaults:3 | Bought a scroll of identify for 26 gold pieces
 42450 | Vaults:3 | Reached skill level 1 in Hexes
 42530 | Vaults:3 | Bought a scroll of identify for 32 gold pieces
 42530 | Vaults:3 | Bought a scroll of identify for 32 gold pieces
 42530 | Vaults:3 | Identified the ring "Nollylatt" {MR+ Dex+2 SInv} (You found it on level 3 of the Elven Halls)
 42531 | Vaults:3 | Identified the ring "Uvygge Hacs" {+Fly rElec Str+4 Stlth-} (You found it on level 3 of the Elven Halls)
 42539 | Vaults:3 | Bought a scroll of enchant weapon for 120 gold pieces
 42605 | Vaults:2 | Bought a scroll of fog for 30 gold pieces
 42605 | Vaults:2 | Bought a scroll of magic mapping for 52 gold pieces
 42605 | Vaults:2 | Bought a scroll of enchant armour for 112 gold pieces
 42605 | Vaults:2 | Bought a scroll of fog for 30 gold pieces
 42605 | Vaults:2 | Bought a scroll of enchant armour for 112 gold pieces
 42725 | D:15     | Found a staircase to the Depths.
 42727 | D:15     | Reached skill level 2 in Hexes
 42766 | Depths:1 | Entered Level 1 of the Depths
 42773 | Depths:1 | Reached skill level 3 in Hexes
 42806 | Depths:1 | Found a shattered altar of Ashenzari.
 42867 | Depths:1 | Found a one-way gate to the infinite horrors of the Abyss.
 42906 | Depths:1 | Reached skill level 4 in Hexes
 42956 | Depths:1 | Found a gateway to Hell.
 43005 | Depths:2 | Reached skill level 5 in Hexes
 43171 | Depths:2 | Found a corrupted altar of Lugonu.
 43202 | Depths:3 | Received a gift from Okawaru
 43316 | Depths:5 | Entered Level 5 of the Depths
 43328 | Depths:5 | Noticed a golden dragon
 43334 | Depths:5 | Noticed a golden dragon
 43335 | Depths:5 | Reached skill level 7 in Translocations
 43343 | Depths:4 | Killed a golden dragon
 43380 | Depths:5 | Received a gift from Okawaru
 43384 | Depths:5 | Killed a golden dragon
 43384 | Depths:5 | Reached skill level 8 in Translocations
 43390 | Depths:5 | Reached XP level 25. HP: 117/164 MP: 29/33
 43617 | Depths:2 | Found a huge runed gate.
 43617 | Depths:2 | Found a huge runed gate.
 43617 | Depths:2 | Found a huge runed gate.
 43617 | Depths:2 | Found a huge runed gate.
 43618 | Depths:2 | Found a huge runed gate.
 43619 | Depths:2 | Found a huge runed gate.
 43620 | Depths:2 | Found a huge runed gate.
 43905 | Depths:1 | Reached skill level 15 in Stealth
 43940 | Depths:1 | Identified the scarf of Omission {-Cast rC+++ rN+ Slay+3} (You found it on level 1 of the Depths)
 43941 | Depths:1 | huh
 43952 | Depths:1 | i think i like my cloak of Rare Resistances though
 44167 | Depths:1 | Reached skill level 19 in Fighting
 44305 | Depths:2 | Reached skill level 10 in Armour
 44546 | Depths:2 | Found a huge runed gate.
 44546 | Depths:2 | Found a huge runed gate.
 44546 | Depths:2 | Found a huge runed gate.
 44546 | Depths:2 | Found a huge runed gate.
 44546 | Depths:2 | Found a huge runed gate.
 44546 | Depths:2 | Found a huge runed gate.
 44570 | Depths:2 | Received a gift from Okawaru
 44570 | Depths:2 | Reached skill level 1 in Earth Magic
 44611 | Depths:2 | Reached skill level 1 in Transmutations
 44611 | Depths:2 | Reached skill level 1 in Air Magic
 44642 | Depths:2 | Reached skill level 2 in Earth Magic
 44688 | Depths:2 | Reached skill level 2 in Transmutations
 44688 | Depths:2 | Reached skill level 2 in Air Magic
 44827 | Depths:2 | Reached skill level 3 in Earth Magic
 44856 | Depths:2 | Received a gift from Okawaru
 44913 | Depths:2 | Reached skill level 3 in Transmutations
 44921 | Depths:2 | Reached skill level 3 in Air Magic
 44969 | Depths:2 | Identified the +1 ring mail "Howuc" {rCorr} (You found it on level 2 of the Depths)
 45319 | Depths:2 | Voluntarily entered the Abyss.
 45958 | Abyss:3  | where's digging when you need it
 45976 | Abyss:3  | Identified the cursed +0 arbalest of Psychosis {venom, +Fly rElec rC+ Dex-4} (You found it on level 3 of the Abyss)
 46057 | Abyss:3  | oh okay, now i found it
 46057 | Abyss:3  | great
 46169 | Abyss:3  | Reached XP level 26. HP: 79/173 MP: 29/33
 46442 | Abyss:3  | Reached skill level 11 in Armour
 46492 | Abyss:3  | Got an abyssal rune of Zot
 46511 | Abyss:3  | Gained mutation: You are very weak. (Str -4) [a neqoxec]
 46539 | Abyss:3  | Reached skill level 20 in Fighting
 46625 | Abyss:3  | Found a corrupted altar of Lugonu.
 46643 | Depths:2 | Escaped the Abyss
 47035 | Slime:1  | Entered Level 1 of the Pits of Slime
 47038 | Lair:6   | Gained mutation: Your body sometimes deteriorates upon taking damage. [a shining eye]
 47158 | Slime:1  | Reached skill level 15 in Evocations
 47260 | Slime:2  | Received a gift from Okawaru
 47311 | Slime:4  | Gained mutation: You are occasionally teleported next to monsters. [a shining eye]
 47316 | Slime:3  | Lost mutation: You are weak. (Str -2) [potion of mutation]
 47316 | Slime:3  | Lost mutation: Your body sometimes deteriorates upon taking damage. [potion of mutation]
 47316 | Slime:3  | Gained mutation: You are robust. (+10% HP) [potion of mutation]
 47316 | Slime:3  | Gained mutation: Your spells are a little easier to cast, but a little less powerful. [potion of mutation]
 47316 | Slime:3  | Gained mutation: You have supernaturally acute eyesight. (SInv) [potion of mutation]
 47317 | Slime:3  | Lost mutation: You are robust. (+10% HP) [potion of mutation]
 47317 | Slime:3  | Lost mutation: Your spells are a little easier to cast, but a little less powerful. [potion of mutation]
 47317 | Slime:3  | Lost mutation: You are occasionally teleported next to monsters. [potion of mutation]
 47317 | Slime:3  | Lost mutation: You have supernaturally acute eyesight. (SInv) [potion of mutation]
 47317 | Slime:3  | Gained mutation: You tend to lose your temper in combat. [potion of mutation]
 47317 | Slime:3  | Gained mutation: You have a pair of small antennae on your head. [potion of mutation]
 47318 | Slime:3  | Lost mutation: You tend to lose your temper in combat. [potion of mutation]
 47318 | Slime:3  | Lost mutation: You have a pair of small antennae on your head. [potion of mutation]
 47318 | Slime:3  | Gained mutation: Your muscles are strong. (Str +2) [potion of mutation]
 47318 | Slime:3  | Gained mutation: Your skin changes colour to match your surroundings (Stealth+). [potion of mutation]
 47326 | Slime:3  | maybe there are more "cmut" potions
 47326 | Slime:3  | but now you need 2-3 "cmut" to take out what you want to take out
 47447 | Slime:4  | literally stronger than stone giants
 47447 | Slime:4  | indestructible shining eyes, tanking 5 hits from a +7 vorpal triple crossbow
 47578 | Slime:5  | Entered Level 5 of the Pits of Slime
 47767 | Slime:5  | Found a viscous altar of Jiyva.
 47767 | Slime:5  | Noticed the Royal Jelly
 47782 | Slime:5  | Killed the Royal Jelly
 47782 | Slime:5  | Reached skill level 10 in Invocations
 47939 | Slime:5  | Received a gift from Okawaru
 47979 | Slime:5  | Learned a level 2 spell: Song of Slaying
 48011 | Slime:5  | Got a slimy rune of Zot
 48082 | Slime:5  | Reached skill level 6 in Hexes
 48088 | Slime:5  | Received a gift from Okawaru
 48095 | Slime:5  | Identified the +1 pair of boots "Ammulego" {god gift, MR+} (Okawaru gifted it to you on level 5 of the Pits of Slime)
 48119 | Slime:5  | Reached skill level 7 in Hexes
 48450 | Orc:2    | Bought a book of Party Tricks for 550 gold pieces
 48452 | Orc:2    | Learned a level 1 spell: Apportation
 48598 | Elf:3    | Learned a level 6 spell: Darkness
 48874 | D:5      | Bought a potion of mutation for 120 gold pieces
 48874 | D:5      | Bought 3 potions of heal wounds for 225 gold pieces
 49197 | Vaults:4 | Reached skill level 8 in Hexes
 49229 | Vaults:4 | Bought a potion of mutation for 168 gold pieces
 49229 | Vaults:4 | Bought a potion of might for 84 gold pieces
 49229 | Vaults:4 | Bought a potion of might for 84 gold pieces
 49229 | Vaults:4 | Bought a potion of might for 84 gold pieces
 49366 | Vaults:4 | Reached skill level 9 in Hexes
 49377 | Vaults:4 | Reached XP level 27. HP: 91/180 MP: 34/34
 49523 | Vaults:4 | Reached skill level 10 in Hexes
 49684 | Vaults:5 | Reached skill level 11 in Hexes
 49714 | Vaults:5 | Reached skill level 12 in Hexes
 49835 | Vaults:5 | Reached skill level 13 in Hexes
 49927 | Vaults:5 | Identified Deickal's Disquisition on Enchantment and Weightlessness
 49942 | Vaults:5 | Noticed Jory
 49952 | Vaults:5 | Killed Jory
 50031 | Vaults:5 | Got a pitted pewter ring
 50054 | Vaults:5 | Reached skill level 14 in Hexes
 50132 | Vaults:5 | Identified the ring of Xom's Bemusement {rPois Int+2 Dex-4 Stlth+} (You found it on level 5 of the Vaults)
 50203 | Vaults:5 | Noticed an ancient lich
 50271 | Vaults:5 | Killed an ancient lich
 50297 | Vaults:5 | Received a gift from Okawaru
 50338 | Vaults:5 | Identified the Reference Book on Dark Shape Shifting
 50532 | Vaults:5 | Reached skill level 11 in Maces & Flails
 50594 | Vaults:5 | Reached skill level 17 in Dodging
 50681 | Vaults:5 | Received a gift from Okawaru
 50701 | Vaults:5 | Got a silver rune of Zot
 50703 | Vaults:5 | Identified a scroll of acquirement
 50717 | Vaults:5 | Got a flickering silver amulet
 50800 | Vaults:3 | Bought a scroll of identify for 32 gold pieces
 50800 | Vaults:3 | Bought a scroll of identify for 32 gold pieces
 50800 | Vaults:3 | Identified the amulet "Dostowes" {Harm *Drain Int+3 Dex+3} (You acquired it on level 5 of the Vaults)
 50901 | Vaults:4 | Bought a potion of magic for 168 gold pieces
 51232 | Snake:1  | Bought a sack of spiders for 280 gold pieces
 51232 | Snake:1  | Bought a box of beasts for 280 gold pieces
 51609 | Depths:5 | Found a runed door.
 51609 | Depths:5 | Found a runed door.
 51660 | Depths:5 | Received a gift from Okawaru
 51711 | Depths:5 | Found a runed door.
 51719 | Depths:5 | Found a runed door.
 51768 | Depths:5 | Found a gate to the Realm of Zot.
 51992 | Zot:1    | Entered Level 1 of the Realm of Zot
 52036 | Zot:2    | Received a gift from Okawaru
 52168 | Zot:2    | Reached skill level 21 in Fighting
 52174 | Zot:2    | Received a gift from Okawaru
 52186 | Zot:2    | Reached skill level 27 in Crossbows
 52382 | Zot:3    | Reached skill level 16 in Evocations
 52478 | Zot:4    | 20 potions of heal wounds
 52515 | Zot:5    | Entered Level 5 of the Realm of Zot
 52543 | Zot:4    | Received a gift from Okawaru
 52607 | Zot:4    | Reached skill level 11 in Invocations
 52800 | Zot:5    | Reached skill level 18 in Dodging
 52803 | Zot:5    | Received a gift from Okawaru
 53006 | Zot:5    | Noticed an ancient lich
 53019 | Zot:5    | Killed an ancient lich
 53062 | Zot:5    | Noticed an orb of fire
 53085 | Zot:5    | Killed an orb of fire
 53085 | Zot:5    | Received a gift from Okawaru
 53179 | Zot:5    | Got a fine cloak {god gift}
 53185 | Zot:5    | Identified the +0 cloak of the Spheres {god gift, Int+4} (Okawaru gifted it to you on level 5 of the Realm of Zot)
 53210 | Zot:5    | Reached skill level 17 in Evocations
 53328 | Zot:5    | Noticed an orb of fire
 53344 | Zot:5    | Killed an orb of fire
 53344 | Zot:5    | Reached skill level 12 in Invocations
 53381 | Zot:5    | Noticed an ancient lich
 53386 | Zot:5    | Killed an ancient lich
 53405 | Zot:5    | >retreat from a lung running from a draconian pack
 53405 | Zot:5    | >run into XXX, orb, alich and 2 electric golems
 53405 | Zot:5    | hurray for permatele traps
 53433 | Zot:5    | Noticed an orb of fire
 53433 | Zot:5    | Gained mutation: You are dopey. (Int -2) [an orb of fire]
 53441 | Zot:5    | Killed an orb of fire
 53444 | Zot:5    | Noticed an orb of fire
 53459 | Zot:5    | Killed an orb of fire
 53468 | Zot:5    | Reached skill level 22 in Fighting
 53481 | Zot:5    | Reached skill level 13 in Invocations
 53556 | Zot:5    | Received a gift from Okawaru
 53556 | Zot:5    | Reached skill level 18 in Evocations
 53613 | Zot:5    | Noticed an orb of fire
 53617 | Zot:5    | Gained mutation: Your spells are a little easier to cast, but a little less powerful. [an orb of fire]
 53624 | Zot:5    | Killed an orb of fire
 53770 | Zot:5    | Noticed Armakuni's ghost (legendary HuWn)
 53777 | Zot:5    | 50 AC ghost
 53777 | Zot:5    | LET'S GO
 53780 | Zot:5    | Killed Armakuni's ghost
 53781 | Zot:5    | actually died in 4 shots
 53781 | Zot:5    | what
 53884 | Zot:5    | Reached skill level 14 in Invocations
 53911 | Zot:5    | Noticed an ancient lich
 53912 | Zot:5    | Noticed an orb of fire
 53917 | Zot:5    | Noticed an ancient lich
 53919 | Zot:5    | Gained mutation: You are occasionally teleported next to monsters. [an orb of fire]
 53921 | Zot:5    | Killed an ancient lich
 53921 | Zot:5    | Received a gift from Okawaru
 53926 | Zot:5    | Killed an orb of fire
 53929 | Zot:5    | Killed an ancient lich
 53929 | Zot:5    | Received a gift from Okawaru
 53929 | Zot:5    | Reached skill level 19 in Evocations
 53956 | Zot:5    | Noticed an orb of fire
 53962 | Zot:5    | Killed an orb of fire
 53962 | Zot:5    | Received a gift from Okawaru
 53995 | Zot:5    | Lost mutation: Your spells are a little easier to cast, but a little less powerful. [potion of mutation]
 53995 | Zot:5    | Lost mutation: Your muscles are strong. (Str +2) [potion of mutation]
 53995 | Zot:5    | Lost mutation: You are dopey. (Int -2) [potion of mutation]
 53995 | Zot:5    | Gained mutation: Your magical capacity is low. (-10% MP) [potion of mutation]
 53995 | Zot:5    | Gained mutation: You have large cloven feet. [potion of mutation]
 53996 | Zot:5    | Lost mutation: You are occasionally teleported next to monsters. [potion of mutation]
 53996 | Zot:5    | Lost mutation: You have large cloven feet. [potion of mutation]
 53996 | Zot:5    | Lost mutation: Your magical capacity is low. (-10% MP) [potion of mutation]
 53996 | Zot:5    | Gained mutation: You are resistant to hostile enchantments. (MR+) [potion of mutation]
 53996 | Zot:5    | Gained mutation: You have a pair of small horns on your head. [potion of mutation]
 54229 | Zot:5    | ok, let's go then
 54229 | Zot:5    | i don't feel like trying extended without any cheese available
 54229 | Zot:5    | or should i anyway?
 54229 | Zot:5    | i mean you can't really get a better physical weapon than a fucking +9 triple crossbow of velocity
 54229 | Zot:5    | meh, fuck it
 54229 | Zot:5    | not on a streak
 54229 | Zot:5    | Got the Orb of Zot
 54283 | Zot:5    | Noticed Jaihaoci the pandemonium lord
 54326 | Zot:5    | Killed Jaihaoci the pandemonium lord
 54336 | Zot:5    | Reached skill level 15 in Invocations
 54356 | Zot:5    | Noticed Jeno the pandemonium lord
 54358 | Zot:4    | maybe not
 54638 | D:12     | Noticed Orelio the pandemonium lord
 54664 | D:11     | Reached skill level 23 in Fighting
 54671 | D:11     | Noticed Tajott Wurra the pandemonium lord
 54788 | D:10     | Noticed Vustiu the pandemonium lord
 54796 | D:10     | Killed Vustiu the pandemonium lord
 54796 | D:10     | Received a gift from Okawaru
 54982 | D:1      | Received a gift from Okawaru
 55021 | D:$      | Escaped with the Orb!

Vault maps used:
D:1:      minmay_arrival_loop
D:2:      first_bread, uniq_crazy_yiuf_cottage, uniq_sigmund, uniq_natasha
D:4:      kennysheep_mini, temple_pool_b, serial_shops, nicolae_shop_stone,
          serial_corexii_hall, corexii_hall_statues_l, corexii_hall_statues_s,
          corexii_hall_statues_i
D:5:      lemuel_zombie_altar_yredelemnul, serial_shops, kennysheep_little_box,
          kennysheep_generic_room_6, uniq_ijyb
D:6:      kennysheep_orc_sif_temple, basic_altar, uniq_menkaure, uniq_grinder
D:7:      nicolae_ru_the_path_less_chosen, bloody_makhleb, serial_shops, shop
D:8:      hangedman_little_slice_of_home
D:9:      gammafunk_temple_overflow_statue, grunt_lair_entry_orc_guard_hut,
          minivault_27, serial_park_tiny_1
D:10:     orc_0_dummy, serial_undead, serial_undead_f, serial_undead_e,
          serial_undead_b, serial_undead_d
D:11:     grunt_ministairs_9, fedhas_bush_and_centaur_altar, uniq_fannar
D:12:     enter_bailey_2, serial_shops, nicolae_shop_waterfront, shop, shop,
          shop_scrolls, zaba_anthell
D:13:     lightli_vaults_fourway_checkpoint
D:14:     wad_arrow_thing, kennysheep_nub, basic_altar
D:15:     hangedman_depths_entry_try_elsewhere_first, serial_shops,
          shop_fountains, lemuel_blue_sif_altar, serial_bayou_pond_d,
          uniq_agnes, uniq_roxanne
Temple:   eino_temple_scatter_basement
Lair:1:   beast_lair_carwin_7, grunt_megastairs_3, infiniplex_staircase_pool,
          minmay_lair_oklob_chamber
Lair:2:   lemuel_slime, st_stairs_9, minmay_hedge_maze,
          hangedman_lair_generics_rect
Lair:3:   minmay_swamp_entry_reptiles, minmay_snake_entry_guardpost_small,
          uniq_rupert
Lair:4:   onia_ninara_swampy_vault
Lair:5:   wad_woods_structure_01, nicolae_volcano_entry_vermiform, uniq_nessos
Lair:6:   minmay_lair_end_enchanted_forest, minmay_slime_entry_jelly_boxes,
          kennysheep_abandoned_house
Swamp:1:  hangedman_swamp_ruin_wall, hangedman_swamp_wriggling, uniq_kirke,
          uniq_frances
Swamp:2:  hangedman_swamp_diagram
Swamp:3:  evilmike_swamp_ruin_house_4, uniq_jorgrun
Swamp:4:  swamp, swamp_pool1, grunt_hermit_hut
Snake:1:  serial_shops, shop, nicolae_shop_crystal, shop, shop,
          serial_bayou_shore_a, lemuel_fruit_tree, uniq_aizul
Snake:2:  grunt_megastairs_2, serial_bayou_shore_b, uniq_asterion
Snake:3:  uniq_vashnia, uniq_donald
Snake:4:  grunt_snake_rune_pools, uniq_nikola
Orc:1:    serial_shops, nicolae_shop_statue_plus, nicolae_orc_tapped_out
Orc:2:    pubby_orc_utopia
Elf:1:    serial_shops, nicolae_shop_statue_plus, shop, shop, shop, shop,
          hangedman_elf_disciples
Elf:2:    serial_shops, nicolae_shop_window_shopping, minivault_16
Elf:3:    minmay_elf_hall, lemuel_statue_altar
Vaults:1: hangedman_vaults_pinch, nicolae_vaults_little_squares_4,
          nicolae_vaults_windows_and_doors_thing, v_misc_3, vaults_room_fours,
          nicolae_vaults_asterisk, grunt_vaults_bifocal,
          nicolae_vaults_alarming, grunt_vaults_hallway_long
Vaults:2: nicolae_vaults_network_quincunx, v_misc_18,
          vaults_standard_mumra_enter_the_diamond, vaults_standard_mumra_x,
          ontoclasm_vaults_ring_large, vaults_mumra_chevron,
          vaults_room_hallway, v_alt_pattern_3, hangedman_vaults_river_flow,
          v_misc_12, nicolae_vaults_gold_heap, serial_shops, shop,
          uniq_frederick
Vaults:3: vaults_mumra_minichess, minmay_crypt_entry_simple_corners, v_misc_29,
          nicolae_vaults_network_star, nicolae_vaults_angled_halls,
          nicolae_vaults_arrows, v_misc_27, vaults_dpeg_encased_lava,
          v_alt_pattern_3, nicolae_vaults_shelves_hall, ontoclasm_vaults_hangar,
          v_misc_19, hangedman_vaults_cutoff, serial_shops, nicolae_shop_stone,
          shop_statue, shop_fountains, shop_fountains
Vaults:4: nicolae_vaults_circle_grid_b, hangedman_vaults_unwind,
          vaults_dpeg_diagonal, vaults_room_glass_cross, v_misc_3,
          vaults_mumra_lcd, nicolae_vaults_back_hallway, hangedman_vaults_nails,
          nicolae_vaults_little_ls, ontoclasm_vaults_twist,
          hangedman_vaults_variations, vaults_room_pools, vaults_room_fours,
          v_pattern_5, v_misc_25, hangedman_vaults_stretched_pinwheel,
          vaults_room_grid, serial_shops, shop_fountains, shop_fountains, shop,
          shop
Vaults:5: uniq_jory
Depths:1: abyss_entry, hangedman_geh_valley, kennysheep_decorative_pillar,
          ashenzari_altar_1, kennysheep_random_hallway
Depths:2: nooodl_heptagram, abyss_entry_flame_altar, lightli_too_deep,
          door_vault
Depths:3: kennysheep_large_vault, hangedman_coc_ice_floe,
          okawaru_ov_weapons_minmay, pan_entry, abyss_entry, aerie_lemuel
Depths:4: box_level_dp, hell_entry, abyss_entry, pan_entry
Depths:5: evilmike_zot_entry_castle, enter_ziggurat_b, corexii_hall_statues_l,
          serial_shops, bzr_entry_customers, hell_entry,
          statue_in_the_mist_lemuel, serial_bayou_shore_b
Zot:3:    hangedman_zot_decor_tridents
Abyss:1:  patterned_corridor
Abyss:2:  hangedman_abyss_or_decor_stagger
Abyss:3:  evilmike_abyss_exit_16, nicolae_abyss_rune_left_handed,
          hangedman_steaming_rock
Bailey:   bailey_axe_4, bailey
Volcano:  volcano_pools

Skill      XL: |  1  2  3  4  5  6  7  8  9 10 11 12 13 14 15 16 17 18 19 20 21 22 23 24 25 26 27 |
---------------+----------------------------------------------------------------------------------+-----
Maces & Flails | 3 4 5 6 7 9 10 11 | 11.2
Evocations     | 3 4 5 6 8 9 10 11 12 13 14 15 19 | 19.7
Fighting       | 4 5 8 10 11 12 18 19 20 23 | 23.2
Invocations    | 7 9 10 15 | 15.5
Crossbows      | 1 10 11 14 16 17 18 19 20 21 23 24 26 27 | 27.0
Dodging        | 5 8 9 11 12 13 14 15 16 18 | 18.0
Armour         | 5 6 7 8 9 10 11 | 11.1
Translocations | 3 5 8 |  8.9
Necromancy     | 3 6 7 |  7.0
Charms         | 2 5 |  5.0
Spellcasting   | 2 3 |  3.0
Stealth        | 4 10 12 14 15 | 15.0
Hexes          | 5 9 14 | 14.8
Earth Magic    | 3 |  3.0
Transmutations | 3 |  3.4
Air Magic      | 3 |  3.3

Action                   |  1- 3 |  4- 6 |  7- 9 | 10-12 | 13-15 | 16-18 | 19-21 | 22-24 | 25-27 || total
-------------------------+-------+-------+-------+-------+-------+-------+-------+-------+-------++-------
Melee: Mace              |   114 |   190 |       |       |       |       |       |       |       ||   304
       Flail             |       |    12 |   365 |   527 |   826 |   279 |    73 |       |       ||  2082
       Punch             |       |       |     3 |     2 |       |     2 |       |     2 |     3 ||    12
       Morningstar       |       |       |       |    32 |       |       |       |       |       ||    32
       Arbalest          |       |       |       |       |     1 |     1 |       |       |       ||     2
       Eveningstar       |       |       |       |       |       |       |       |    26 |    31 ||    57
 Fire: Hand crossbow     |       |       |       |   411 |    61 |       |       |       |       ||   472
       Arbalest          |       |       |       |       |   890 |  1109 |   233 |       |       ||  2232
       Triple crossbow   |       |       |       |       |       |       |   981 |   955 |  2028 ||  3964
Throw: Stone             |    36 |    32 |     3 |       |       |       |       |       |       ||    71
 Cast: Regeneration      |       |       |       |       |       |       |    24 |    77 |   167 ||   268
       Portal Projectile |       |       |       |       |       |       |       |       |    15 ||    15
       Passage of Golubr |       |       |       |       |       |       |       |       |     7 ||     7
       Blink             |       |       |       |       |       |       |       |       |     8 ||     8
       Passwall          |       |       |       |       |       |       |       |       |     1 ||     1
       Apportation       |       |       |       |       |       |       |       |       |    95 ||    95
Invok: Heroism           |       |     1 |     2 |    15 |    21 |    30 |    24 |    29 |    48 ||   170
       Finesse           |       |       |       |     2 |     5 |     7 |     2 |     5 |    11 ||    32
Evoke: Wand              |       |     7 |    13 |     4 |     3 |    19 |     5 |     2 |    20 ||    73
       Lightning rod     |       |       |       |       |     4 |       |     4 |     4 |       ||    12
       Lamp of fire      |       |       |       |       |       |       |     1 |     1 |     2 ||     4
       Phantom mirror    |       |       |       |       |       |       |       |       |     1 ||     1
       Box of beasts     |       |       |       |       |       |       |       |       |     1 ||     1
  Use: Scroll            |       |     4 |     6 |    14 |    13 |    10 |     6 |    14 |    21 ||    88
       Potion            |       |       |     1 |       |     1 |     7 |       |     3 |    25 ||    37
 Stab: Sleeping          |     6 |     5 |     2 |     5 |     4 |       |       |       |       ||    22
       Paralysed         |       |       |    27 |     6 |       |       |     1 |       |       ||    34
       Distracted        |       |       |     2 |     2 |     1 |       |       |       |       ||     5
       Petrified         |       |       |       |       |     2 |       |       |       |       ||     2
  Eat: Chunk             |    11 |     9 |     9 |    17 |    30 |    30 |    24 |    32 |    49 ||   211
       Royal jelly       |       |       |       |       |       |       |       |       |     4 ||     4
Armor: Robe              |    21 |    23 |       |       |       |       |       |       |       ||    44
       Ring mail         |       |    10 |    84 |    43 |       |       |       |       |       ||   137
       Troll leather arm |       |       |       |   134 |    99 |       |       |       |       ||   233
       Fire dragon scale |       |       |       |       |    64 |       |       |       |       ||    64
       Scale mail        |       |       |       |       |    28 |   146 |     1 |       |       ||   175
       Swamp dragon scal |       |       |       |       |       |    73 |   110 |   143 |   285 ||   611
       Skin              |       |       |       |       |       |       |       |       |    19 ||    19
Dodge: Dodged            |    90 |   156 |   312 |   735 |  1018 |  1109 |   699 |   538 |  1271 ||  5928
       Deflected         |       |       |       |       |     5 |    28 |    29 |       |       ||    62
